 Dungeon Crawl Stone Soup version 0.28-a0-861-ge64d6db94f (webtiles) character file.

Game seed: 1486190728449600644

40 ders the Digger (level 3, -2/19 HPs)
             Began as a Gargoyle Earth Elementalist on Nov 15, 2021.
             Slain by an adder (3 damage)
             ... on level 2 of the Dungeon.
             The game lasted 00:04:14 (1170 turns).

ders the Digger (Gargoyle Earth Elementalist)       Turns: 1170, Time: 00:04:15

Health: -2/19      AC:  5    Str: 11    XL:     3   Next: 50%
Magic:  3/6        EV: 11    Int: 16    God:
Gold:   65         SH:  0    Dex: 10    Spells: 3/7 levels left

rFire   . . .      SeeInvis .   (no weapon)
rCold   . . .      Faith    +   (no shield)
rNeg    + . .      Spirit   .   b - +0 robe
rPois   ∞          Reflect  .   (no helmet)
rElec   +          Harm     .   (no cloak)
rCorr   .          Rampage  .   (no gloves)
Will    .....                   (no boots)
Stlth   ++........              a - amulet of faith
HPRegen 0.06/turn               (no ring)
MPRegen 0.10/turn               (no ring)

@: no status effects
A: sickness immunity, AC +3, negative energy resistance 1, electricity
resistance, torment resistance 1, petrification resistance
a: no special abilities


You were on level 2 of the Dungeon.
You visited 1 branch of the dungeon, and saw 2 of its levels.

You collected 65 gold pieces.

Inventory:

Armour
 b - a +0 robe (worn)
Jewellery
 a - an amulet of faith (around neck)
Scrolls
 e - a scroll of fog
 h - a scroll of magic mapping


   Skills:
 - Level 1.5 Dodging
 - Level 2.1 Stealth
 + Level 2.5 Spellcasting
 * Level 0.2 Conjurations
 + Level 1.6 Transmutations
 + Level 4.2 Earth Magic


You had 3 spell levels left.
You knew the following spells:

 Your Spells              Type           Power      Damage    Failure   Level
a - Sandblast             Erth           30%        2d9       3%          1
b - Stone Arrow           Conj/Erth      18%        3d8       24%         3

Your spell library contained the following spells:

 Spells                   Type           Power      Damage    Failure   Level
 Passwall                 Tmut/Erth      9%         N/A       9%          2
 Petrify                  Tmut/Erth      11%        N/A       52%         4
 Ice Form                 Ice/Tmut       4%         N/A       80%         4
 Blade Hands              Tmut           3%         N/A       96%         5


Dungeon Overview and Level Annotations

Branches:
Dungeon (2/15)

Altars:

Annotations:
D:2 Sigmund


Innate Abilities, Weirdness & Mutations

You are immune to sickness and miasma.
Your stone body is resilient. (AC +3)
You are immune to poison.
You resist negative energy. (rN+)
You are resistant to electric shocks. (rElec)
You are resistant to unholy torment.
You are immune to petrification.


Message History

The adder bites you but does no damage. The bat hits you but does no damage.
The adder bites you but does no damage.
You closely miss the adder.
The adder is lightly wounded.
The bat barely misses you. The bat hits you but does no damage.
The adder closely misses you.
You hit the adder.
The adder is moderately wounded.
The bat barely misses you. The bat closely misses you.
The adder bites you but does no damage.
You hit the adder but do no damage.
The adder is moderately wounded.
The bat hits you but does no damage. The bat closely misses you.
The adder bites you.
* * * LOW HITPOINT WARNING * * *
The adder closely misses you.
You closely miss the adder.
The adder is moderately wounded.
The bat hits you.
* * * LOW HITPOINT WARNING * * *
The adder bites you but does no damage. The bat hits you but does no damage.
You aren't carrying any potions.
As you read the scroll labelled IRRUJO GIREL, it crumbles to dust.
The scroll dissolves into smoke.
It was a scroll of fog.
The bat hits you but does no damage. The adder bites you.
* * * LOW HITPOINT WARNING * * *
As you read the scroll labelled SUKHLAK WUORACUI, it crumbles to dust.
It is a scroll of identify.
h - a scroll of magic mapping The bat barely misses you.
The adder bites you.
* * * LOW HITPOINT WARNING * * *
The bat misses you. The adder misses you. The bat hits you but does no damage.
The bat closely misses you. The bat hits you but does no damage.
The adder barely misses you.
The hobgoblin shouts!
The adder bites you.
* * * LOW HITPOINT WARNING * * *
The adder bites you.
You die...

...#..).......#
#...#........#.# #
###............#.#.#
#........#.....#.#.#.#.#
...$...........J.......#
.g.....J.J.###.#.#...#
.....#.#...g.#.# .#
######.#S#§#######.#.
.......@S.§§§§§§.....
####################. ..
.. . . .# # # .# #.# .#
#.#


You could see 2 adders, an endoplasm and a hobgoblin.

Vanquished Creatures
  2 adders (D:2)
  A ball python (D:1)
  4 bats
  4 endoplasms
  A goblin (D:1)
  2 hobgoblins
  3 jackals (D:1)
  2 kobolds (D:1)
  A rat (D:2)
20 creatures vanquished.

Notes
Turn   | Place    | Note
-------+----------+-------------------------------------------
     0 | D:1      | ders the Gargoyle Earth Elementalist began the quest for
                  | the Orb.
     0 | D:1      | Reached XP level 1. HP: 10/10 MP: 3/3
   121 | D:1      | Found a faded altar of an unknown god.
   159 | D:1      | Reached skill level 1 in Transmutations
   208 | D:1      | Reached XP level 2. HP: 15/15 MP: 3/5
   396 | D:1      | Reached skill level 4 in Earth Magic
   795 | D:2      | Reached XP level 3. HP: 19/19 MP: 1/6
   799 | D:2      | Learned a level 3 spell: Stone Arrow
   888 | D:2      | Noticed Sigmund
  1022 | D:2      | Got the Tome of Shape Shifting
  1170 | D:2      | Slain by an adder

Illustrated notes

Levels and vault maps discovered:
D:1:      psy_arrival_dodecagon, layout_basic, serial_glass, glass_columns_a,
          glass_columns_a, ebering_ecumenical_altar_rust
D:2:      layout_basic, minmay_divided_ellipse, uniq_sigmund

Skill      XL: |  1  2 |
---------------+-------+-----
Transmutations | 1 |  1.6
Earth Magic    | 4 |  4.2
Dodging        | |  1.5
Stealth        | |  2.1
Spellcasting   | |  2.5
Conjurations   | |  0.2

Action                   || total
-------------------------++-------
Melee: Unarmed           ||    18
 Cast: Sandblast         ||    31
  Use: Scroll            ||     5
       Potion            ||     2
Armor: Robe              ||    40
Dodge: Dodged            ||    44

Table legend: (Time is in decaauts)
 A = Elapsed time spent in this place.
 B = Non-inter-level travel time spent in this place.
 C = Inter-level travel time spent in this place.
 D = Time resting spent in this place.
 E = Time spent auto-exploring this place.
 F = Levels seen in this place.
 G = Mean time per level.
                   A        B        C        D        E       F      G
               +--------+--------+--------+--------+--------+-----+--------+
         Total |   1169 |   1047 |    122 |      8 |    845 |   2 |  584.5 |
       Dungeon |   1169 |   1047 |    122 |      8 |    845 |   2 |  584.5 |
               +--------+--------+--------+--------+--------+-----+--------+

Top non-repeatable levels by time:
     D:1: 769 daAuts
     D:2: 400 daAuts
